 Dungeon Crawl Stone Soup version 0.28.0-53-g5a82cb258f (webtiles) character file.

Game seed: 14017506950786465526

52 mcbry74 the Insei (level 3, 0/26 HPs)
             Began as a Merfolk Transmuter on July 6, 2022.
             Succumbed to an adder's poison
             ... on level 2 of the Dungeon.
             The game lasted 00:03:20 (1587 turns).

mcbry74 the Insei (Merfolk Transmuter)              Turns: 1587, Time: 00:03:21

Health: 0/26       AC:  2    Str: 10    XL:     3   Next: 85%
Magic:  5/6        EV: 16    Int: 14    God:
Gold:   37         SH:  0    Dex: 14    Spells: 3/6 levels left

rFire   + . .      SeeInvis .     - Unarmed
rCold   . . .      Faith    .   (no shield)
rNeg    . . .      Spirit   .   a - +0 robe
rPois   .          Reflect  .   (helmet currently unavailable)
rElec   .          Harm     .   (no cloak)
rCorr   .          Rampage  .   (no gloves)
Will    .....                   (boots currently unavailable)
Stlth   +.........              (no amulet)
HPRegen 0.08/turn               c - +4 ring of evasion
MPRegen 0.10/turn               i - ring of protection from fire

@: lethally poisoned (0 -> -11), appendages
A: horns 2, (nimble swimmer 2), mertail
a: End Transformation


You were on level 2 of the Dungeon.
You had temporarily grown beastly horns.
You visited 1 branch of the dungeon, and saw 2 of its levels.

You collected 37 gold pieces.

Inventory:

Missiles
 h - 3 javelins
Armour
 a - a +0 robe (worn)
Jewellery
 c - a +4 ring of evasion (left hand)
 i - a ring of protection from fire (right hand)
Scrolls
 b - 2 scrolls of blinking {unknown}
 e - 2 scrolls of enchant armour {unknown}
 f - a scroll of torment {unknown}
Potions
 d - a potion of mutation {unknown}
 g - a potion of cancellation {unknown}


   Skills:
 - Level 1.1 Fighting
 - Level 2.6 Dodging
 * Level 4.6 Unarmed Combat
 - Level 2.0 Spellcasting
 + Level 3.7 Transmutations


You had 3 spell levels left.
You knew the following spells:

 Your Spells              Type           Power      Damage    Failure   Level
a - Beastly Appendage     Tmut           22%        N/A       4%          1
b - Wereblood             Tmut           11%        N/A       8%          2

Your spell library contained the following spells:

 Spells                   Type           Power      Damage    Failure   Level
 Spider Form              Tmut/Pois      6%         N/A       32%         3
 Ice Form                 Ice/Tmut       6%         N/A       73%         4


Dungeon Overview and Level Annotations

Branches:
Dungeon (2/15)

Altars:
Vehumet


Innate Abilities, Weirdness & Mutations

You have temporarily grown beastly horns.
((You are very nimble when in or above water. (Stealth+, EV+, Speed+++)))
Your lower body shifts to a powerful aquatic tail in water.


Message History

The adder is moderately wounded.
You feel sick. The adder barely misses you.
You barely miss the adder.
The adder is moderately wounded.
The adder bites you. The adder misses you.
Casting: Beastly Appendage (safe; 4% risk of failure)
Press: ? - help, Q - select action, (/) - cycle Dir - look around, f - activate You grow a pair of large bovine horns.
You feel sick. The adder bites you.
You closely miss the adder.
The adder is moderately wounded.
You feel sick. The adder misses you.
You closely miss the adder.
The adder is moderately wounded.
You feel sick. The adder completely misses you.
You hit the adder.
The adder is moderately wounded.
You feel sick.
You are no longer poisoned.
The adder misses you.
You closely miss the adder.
The adder is moderately wounded.
The adder barely misses you.
You closely miss the adder.
The adder is moderately wounded.
The adder bites you.
You are poisoned.
The adder poisons you! The adder closely misses you.
You barely miss the adder.
The adder is moderately wounded.
You feel sick. The adder bites you.
You completely miss the adder.
The adder is moderately wounded.
The adder bites you.
* * * LOW HITPOINT WARNING * * *
You are more poisoned.
The adder poisons you!
You miss the adder. Your punch misses the adder.
The adder is moderately wounded.
You die...

# #...#.........#
.#.##.#.####.####.#
.... ...###.......
#..# #....#.#....
....# #.#.##†# ...
#.##.#.##....# ..
#.# #†#[#.#### .
#.##.#.##.#
#@#.#.#.†.#
#.S.####.÷# ###
##........### ....
#.#........#
.....##...........#
..........##......#
.......![.##......#
..........#######...
..##......# ...


You could see an adder.

Vanquished Creatures
  2 adders (D:2)
  A dart slug (D:2)
  An orc (D:2)
  3 ball pythons
  An endoplasm (D:1)
  A giant cockroach (D:1)
  5 hobgoblins
  3 kobolds
  4 quokkas
  5 bats
  2 frilled lizards
  A rat (D:2)
29 creatures vanquished.

Notes
Turn   | Place    | Note
-------+----------+-------------------------------------------
     0 | D:1      | mcbry74 the Merfolk Transmuter began the quest for the Orb.
     0 | D:1      | Reached XP level 1. HP: 15/15 MP: 3/3
   298 | D:1      | Reached XP level 2. HP: 16/21 MP: 3/5
   303 | D:1      | Learned a level 2 spell: Wereblood
   495 | D:1      | Found a faded altar of an unknown god.
   618 | D:1      | Reached skill level 4 in Unarmed Combat
   843 | D:2      | Reached XP level 3. HP: 20/26 MP: 4/6
   933 | D:2      | Found a radiant altar of Vehumet.
  1587 | D:2      | Succumbed to an adder's poison

Illustrated notes

Levels and vault maps discovered:
D:1:      scummos_arrival_checkerplants, layout_rooms,
          shapermc_ecumenical_altar_mp_urbaneastern, kennysheep_doodads
D:2:      layout_basic, basic_altar, minmay_hedge_maze, nrook_mini_vaults,
          st_stairs_8, nrook_campfire, amcnicky_mini_rare_corridor_liquid,
          kennysheep_small_spiral, minmay_hexomino_f4

Skill      XL: |  1  2 |
---------------+-------+-----
Transmutations | 3 |  3.7
Unarmed Combat | 4 |  4.6
Fighting       | |  1.1
Dodging        | |  2.6
Spellcasting   | |  2.0

Action                   || total
-------------------------++-------
Melee: Unarmed           ||   110
       Headbutt          ||    14
 Cast: Beastly Appendage ||    14
 Stab: Sleeping          ||     1
Armor: Robe              ||    18
Dodge: Dodged            ||    73
